Map: Newkirk Precinct TE (Void)

Players

hinO

  • Race: Zerg Zerg
  • Spawn Location: 7:00

Bunny - Winner!

  • Race: Terran Terran
  • Spawn Location: 5:00

Event: IEM XI Katowice - World Championship 2017

VOD

Have the link to the VOD?

Description

Time

  • Played on: Feb. 28, 2017, 5:29 a.m.
  • Length: 7:08

All games in this series

Show
View Real Time Build Order
Export as new Build Order

hinO Zerg 

Build Orders: Hatch First 

Get SALT Encoding   

  12  0:00  Drone  
  13  0:08  Drone  
  14  0:18  Overlord  
  14  0:23  Extractor  
  14  0:24  Drone  
  15  0:36  Drone x2  
  17  0:54  Hatchery  
  17  0:57  Drone  
  17  1:01  Extractor  
  17  1:02  Drone  
  17  1:17  Spawning Pool  
  16  1:19  Drone  
  16  1:22  Drone  
  18  1:26  Drone  
  19  1:37  Overlord  
  19  1:53  Drone  
  20  2:03  Queen  
  20  2:04  Metabolic Boost, Zergling x2  
  20  2:07  Zergling x2  
  24  2:11  Queen  
  26  2:16  Drone  
  26  2:19  Drone  
  28  2:23  Drone  
  28  2:28  Drone  
  29  2:32  Drone  
  30  2:39  Zergling x2  
  30  2:43  Pneumatized Carapace  
  30  2:45  Zergling x2  
  30  2:49  Queen  
  33  2:53  Overlord  
  33  2:57  Drone  
  34  3:03  Evolution Chamber  
  33  3:06  Zergling x4  
  33  3:12  Zergling x2  
  36  3:16  Zergling x6  
  39  3:21  Overlord  
  41  3:27  Zergling x4  
  41  3:36  Zergling x2  
  41  3:37  Zergling x2  
  41  3:38  Zergling x2  
  44  3:47  Zergling x4  
  46  3:54  Zergling x8  
  46  3:55  Zergling x2  
  51  4:01  Zergling x2  
  52  4:11  Zerg Melee Weapons Level 1  
  52  4:13  Overlord  
  50  4:25  Zergling x4  
  52  4:38  Zergling x12  
  48  4:48  Baneling Nest  
  48  4:52  Zergling x4  
  47  4:54  Queen x2  
  47  5:00  Zergling x4  
  46  5:10  Zergling x2  
  46  5:11  Zergling x2  
  48  5:21  Drone  
  49  5:23  Spore Crawler, Drone  
  47  5:30  Queen  
  47  5:31  Zergling x2  
  47  5:35  Spore Crawler  
  39  5:39  Queen  
  39  5:41  Zergling x4  
  39  5:46  Zergling x2  
  38  5:57  Zergling x2  
  38  6:06  Queen  
  39  6:11  Baneling x5  
  39  6:12  Baneling x3  
  39  6:13  Baneling  
  39  6:15  Baneling  
  37  6:22  Baneling  
  37  6:25  Zergling x4  
  34  6:33  Zergling x4  
  28  6:43  Zergling x2  
  30  6:50  Zergling x4  
Show
View Real Time Build Order
Export as new Build Order

Bunny Terran - Winner!

Build Orders: Reaper Expand, Hellion Banshee 

Get SALT Encoding   

  12  0:00  SCV  
  13  0:12  SCV  
  14  0:17  Supply Depot  
  14  0:24  SCV  
  15  0:39  SCV  
  15  0:41  Barracks  
  16  0:45  Refinery  
  16  0:51  SCV  
  17  1:03  SCV  
  18  1:15  SCV  
  19  1:27  Orbital Command  
  19  1:28  Reaper  
  20  1:41  Command Center  
  20  1:53  SCV  
  21  1:54  Supply Depot  
  21  2:00  Marine  
  22  2:05  SCV  
  23  2:09  Factory  
  23  2:14  Refinery  
  23  2:17  SCV  
  24  2:22  Barracks Reactor  
  24  2:29  SCV  
  25  2:41  SCV  
  26  2:53  SCV, Starport  
  26  2:55  Orbital Command  
  27  3:03  Hellion x2  
  27  3:05  Barracks Tech Lab, SCV  
  32  3:17  SCV  
  33  3:20  SCV  
  33  3:24  Hellion  
  33  3:25  Hellion  
  38  3:30  SCV  
  38  3:32  SCV  
  38  3:33  Supply Depot  
  40  3:37  Medivac  
  40  3:38  Cloaking Field  
  42  3:42  SCV  
  42  3:45  SCV  
  42  3:46  Hellion  
  46  3:51  Supply Depot  
  46  3:55  SCV, Hellion  
  49  3:57  SCV  
  50  4:07  Hellion  
  50  4:08  Armory  
  52  4:13  Banshee  
  52  4:15  Supply Depot  
  52  4:16  Hellion  
  57  4:22  Supply Depot  
  57  4:26  Marine  
  57  4:29  Hellion  
  60  4:38  Hellion  
  56  4:44  Marine  
  44  4:54  Hellion  
  46  5:05  Banshee  
  49  5:08  Hellion  
  49  5:13  SCV  
  52  5:15  SCV  
  52  5:16  Hellion  
  55  5:30  Hellion  
  42  5:37  Hellion  
  42  5:42  SCV x2  
  44  5:47  Banshee  
  47  5:51  Hellion  
  49  5:58  Hellion  
  49  6:01  Barracks Tech Lab  
  51  6:08  Supply Depot  
  51  6:13  Hellion  
  53  6:18  Armory  
  53  6:20  Hellion  
  55  6:34  Hellion  
  52  6:41  Hellion  
  52  6:44  SCV x2  
  56  6:56  Supply Depot x2  

Tags
 
Add a new tag
Caveats
  • Supply blocks, unpowered buildings, or Contaminate may cause inaccurate times.
  • Supply counts are checked every 10 seconds.